 Dungeon Crawl Stone Soup version 0.29-a0-813-g4a14ea37d6 (webtiles) character file.

Game seed: 9738406446835805541

142903 purpskrrrp the Marksdemonspawn (level 16, -2/137 HPs)
             Began as a Demonspawn Fighter on July 4, 2022.
             Was an Initiate of Gozag.
             Killed from afar by an acid blob (25 damage)
             ... with a splash of acid
             ... on level 1 of the Pits of Slime on July 5, 2022.
             The game lasted 03:23:11 (36190 turns).

purpskrrrp the Marksdemonspawn (DsFi)              Turns: 36190, Time: 03:23:12

Health: -2/137     AC: 15    Str: 17    XL:     16   Next: 81%
Magic:  13/16      EV: 14    Int: 17    God:    Gozag
Gold:   1748       SH: 15    Dex: 20    Spells: 11/15 levels left

rFire   . . .      SeeInvis .   n - +9 sling of Impeachment {speed, Int+7}
rCold   . . .      Faith    .   c - +3 buckler
rNeg    + + .      Spirit   .   s - +6 scale mail "Cuqud" {Rampage +Blink rC- rN++}
rPois   .          Reflect  +   (no helmet)
rElec   .          Harm     .   l - +2 cloak {Will+}
rCorr   .          Rampage  +   I - +2 pair of gloves
Will    ++...      Rage     9%  (boots unavailable)
Stlth   +.........              p - amulet of reflection
HPRegen 3.32/turn               B - +4 ring of slaying
MPRegen 0.15/turn               b - +4 ring of protection

@: marked, corroded
A: hooves 3, rugged brown scales 2, demonic guardian 2, powered by death 3,
berserk 2, cold resistance 1, MP-powered wands
a: Renounce Religion, Evoke Blink, Potion Petition, Call Merchant, Bribe Branch


You were on level 1 of the Pits of Slime.
You worshipped Gozag.
Gozag was most pleased with you.
You visited 8 branches of the dungeon, and saw 30 of its levels.

You collected 9235 gold pieces.
You spent 2956 gold pieces at shops.
You paid 4531 gold pieces to Gozag.

Inventory:

Hand Weapons
 f - the +10 halberd of Wor Hioz {vorpal, *Rage rElec rC+ Int+3}
   (You found it on level 2 of the Lair of Beasts)

   It inflicts extra damage upon your enemies.
   Int:       It affects your intelligence (+3).
   rC:        It protects you from cold.
   rElec:     It insulates you from electricity.
   *Rage:     It berserks you when you make melee attacks (+20% chance).
 n - the +9 sling of Impeachment (weapon) {speed, Int+7}
   (You found it on level 2 of the Dungeon)

   Attacks with this weapon are significantly faster.
   Int:       It affects your intelligence (+7).
 t - a +0 demon trident
 V - a +6 vampiric triple sword
Missiles
 o - 4 throwing nets
 u - 18 javelins
Armour
 c - a +3 buckler (worn)
 l - a +2 cloak of willpower (worn)
 s - the +6 scale mail "Cuqud" (worn) {Rampage +Blink rC- rN++}
   (You acquired it on level 11 of the Dungeon)

   rC:        It makes you vulnerable to cold.
   rN:        It greatly protects you from negative energy.
   +Blink:    It lets you blink.
   Rampage:   It bestows one free step when moving towards enemies.
 I - a +2 pair of gloves (worn)
Jewellery
 b - a +4 ring of protection (right hand)
 p - an amulet of reflection (around neck)
 r - a ring of flight
 w - a +4 ring of evasion
 x - a +6 ring of strength
 B - a +4 ring of slaying (left hand)
 L - a ring of see invisible
 Q - a +6 ring of strength
 R - a ring of positive energy
Wands
 v - a wand of roots (3)
 N - a wand of digging (5)
 P - a wand of charming (10)
 W - a wand of flame (4) (quivered)
Scrolls
 e - 3 scrolls of amnesia
 h - 6 scrolls of silence
 m - a scroll of magic mapping
 q - 7 scrolls of identify
 y - 5 scrolls of poison
 z - 2 scrolls of immolation
 H - 2 scrolls of teleportation
 Y - 2 scrolls of fog
Potions
 a - 2 potions of lignification
 d - 4 potions of might
 g - 5 potions of haste
 i - 2 potions of berserk rage
 j - 7 potions of degeneration
 k - 3 potions of attraction
 C - a potion of resistance
 D - a potion of cancellation
 F - 4 potions of curing
 J - a potion of ambrosia
 M - 2 potions of brilliance
 O - 2 potions of flight
 S - a potion of invisibility
 U - 3 potions of mutation
 Z - a potion of magic
Miscellaneous
 G - a box of beasts


   Skills:
 + Level 13.6 Fighting
 * Level 4.2 Long Blades
 + Level 2.0(4.6) Axes
 - Level 6.6(6.8) Polearms
 * Level 19.6 Ranged Weapons
 + Level 1.8 Throwing
 + Level 8.8 Armour
 * Level 8.5 Dodging
 - Level 2.1 Stealth
 + Level 8.0 Shields
 + Level 0.2 Spellcasting
 + Level 1.2 Transmutations
 + Level 2.6 Evocations


You had 11 spell levels left.
You knew the following spells:

 Your Spells              Type           Power      Damage    Failure   Level
a - Poisonous Vapours     Pois/Air       0%         N/A       77%         2
b - Wereblood             Tmut           4%         N/A       58%         2

Your spell library contained the following spells:

 Spells                   Type           Power      Damage    Failure   Level
 Apportation              Tloc           0%         N/A       63%         1
 Necrotise                Necr           0%         1d4       63%         1
 Sandblast                Erth           0%         2d4       63%         1
 Slow                     Hex            0%         N/A       63%         1
 Summon Small Mammal      Summ           0%         N/A       63%         1
 Passwall                 Tmut/Erth      1%         N/A       67%         2
 Ensorcelled Hibernation  Hex/Ice        0%         N/A       77%         2
 Scorch                   Fire           0%         2d5       77%         2
 Sublimation of Blood     Necr           0%         N/A       77%         2
 Spider Form              Tmut/Pois      2%         N/A       88%         3
 Call Canine Familiar     Summ           0%         N/A       94%         3
 Confusing Touch          Hex            0%         N/A       94%         3
 Gell's Gravitas          Tloc           0%         N/A       94%         3
 Lesser Beckoning         Tloc           0%         N/A       94%         3
 Portal Projectile        Hex/Tloc       0%         N/A       94%         3
 Stone Arrow              Conj/Erth      0%         3d7       94%         3
 Teleport Other           Tloc           0%         N/A       94%         3
 Vampiric Draining        Necr           0%         2d6       94%         3
 Anguish                  Hex/Necr       0%         N/A       100%        4
 Dispel Undead            Necr           0%         3d6       100%        4
 Flame Wave               Conj/Fire      0%         2d4       100%        4
 Leda's Liquefaction      Hex/Erth       0%         N/A       100%        4
 Passage of Golubria      Tloc           0%         N/A       100%        4
 Summon Ice Beast         Ice/Summ       0%         N/A       100%        4
 Summon Lightning Spire   Summ/Air       0%         N/A       100%        4
 Alistair's Intoxication  Tmut/Pois      1%         N/A       100%        5
 Borgnjor's Vile Clutch   Necr/Erth      0%         N/A       100%        5
 Silence                  Hex/Air        0%         N/A       100%        5
 Death Channel            Necr           0%         N/A       100%        6
 Eringya's Noxious Bog    Tmut/Pois      1%         N/A       100%        6
 Summon Cactus Giant      Summ           0%         N/A       100%        6
 Malign Gateway           Summ/Tloc      0%         N/A       100%        7
 Summon Hydra             Summ           0%         N/A       100%        7
 Lehudib's Crystal Spear  Conj/Erth      0%         10d2      100%        8
 Corpse Rot               Necr/Pois/Air  Unusable   N/A       N/A         4

Dungeon Overview and Level Annotations

Branches:
Dungeon (15/15)            Temple (1/1) D:6            Lair (6/6) D:9
 Shoals (3/4) Lair:2        Snake (1/4) Lair:3        Slime (1/5) Lair:5
    Orc (2/2) D:12            Elf (0/3) Orc:2        Vaults (0/5) D:13
 Depths (1/4) D:15

Altars:
Ashenzari
Cheibriados
Dithmenos
Fedhas
Gozag
Hepliaklqana
Kikubaaqudgha
Makhleb
Nemelex Xobeh
Okawaru
Qazlal
Ru
Sif Muna
Trog
Uskayaw
Vehumet
Wu Jian
Xom
Yredelemnul
Jiyva
Lugonu

Shops:
D:9 *=   D:10 [   D:13 [   D:14 ?=   Orc:2 !:((   Lair:5 ?   Shoals:2 *

Portals:
Abyss: Lair:6
Pandemonium: Depths:1
Trove: D:15 (give 18 potions of curing)

Annotations:
Lair:3 1 runed translucent door, Selrock's ghost, journeyman GnFi
Shoals:1 1 runed translucent door, avis's ghost, adept HOMo
Orc:2 Dordric's ghost, adept OgBe


Innate Abilities, Weirdness & Mutations

You have hooves in place of feet.
You are mostly covered in rugged brown scales. (AC +2, +5% HP)
A demonic guardian rushes to your aid.
You regenerate a lot of health from kills.
You have an uncontrollable temper.
Your flesh is cold resistant. (rC+)
You expend magic power (3 MP) to strengthen your wands.


Message History

You shoot a sling bullet.
The sling bullet hits the slime creature!
The slime creature is lightly wounded.
The rockslime hits you but does no damage.
Fire: n) +9 sling of Impeachment {speed, Int+7}
Press: ? - help, Shift-Dir - straight line, f/p - slime creature
Aim: a slime creature (lightly wounded, 90% to hit)
You shoot a sling bullet.
The sling bullet hits the slime creature.
The slime creature is moderately wounded.
The slime creature is no longer distracted by gold.
The slime creature hits you but does no damage.
The rockslime hits you.
You stumble backwards!
You are splashed with acid!
* * * LOW HITPOINT WARNING * * *
You block the rockslime's attack.
A slime creature comes into view.
Two slime creatures merge to form a large slime creature.
A slime creature comes into view. x2
The acid blob spits acid at you. The splash of acid hits you!!
* * * LOW HITPOINT WARNING * * *
A demonic guardian appears!
The slime creature barely misses you.
Blink to where?
Press: ? - help, Dir - move target, p - large slime creature
Okay, then.
Blink to where?
Press: ? - help, Dir - move target, p - large slime creature
As you read the scroll of blinking, it crumbles to dust.
Okay, then.
Aiming: Throw Flame
Press: ? - help, Q - select action, (/) - cycle Shift-Dir - straight line, f - slime creature
Aim: a slime creature (lightly wounded, 94% to hit)
You feel a surge of power!
The puff of flame hits the acid blob!
The acid blob is lightly wounded.
The acid blob spits acid at you. The splash of acid hits you!!
You die...
Your body crumbles into a pile of gold.

#...#.J4.....#.
.....^.#. #.JJ$......
... ....# #.#JJ.J..J..
........##.........J..
........#...#.........
...#.#.............J..
......................
......................
.......@..#....#......
#........#....#.......
#....##.... .#. .#..
##.##.# ..# .# # . ..
.# ##


You could see an acid blob, 2 slime creatures and a rockslime.

Vanquished Creatures
  Rupert (Orc:2)
  A titan (Shoals:1)
  A tengu reaver (Depths:1)
  A stone giant (Shoals:1)
  A merfolk impaler (Shoals:1)
  An ettin (D:15)
  A merfolk javelineer (Orc:2)
  8 hydras
  2 merfolk avatars
  3 boulder beetles
  A catoblepas (Lair:5)
  2 ogre magi (Orc:2)
  A vault guard (D:13)
  10 two-headed ogres
  An alligator snapping turtle (Shoals:3)
  2 centaur warriors
  A merfolk aquamancer (Shoals:2)
  2 satyrs
  2 thrashing horrors (Lair:6)
  A tengu warrior (Orc:2)
  2 deep troll earth magi
  5 death yaks
  2 deep troll shamans (D:15)
  7 sea snakes
  6 deep trolls
  A flayed ghost (D:14)
  A wizard (D:15)
  A deep elf archer (Orc:2)
  2 deep elf pyromancers
  17 harpies
  A phantasmal warrior (D:14)
  4 large abominations (Lair:6)
  2 necromancers (D:15)
  3 orc knights
  A wolf spider (D:15)
  8 manticores
  19 ugly things
  7 cyclopes
  A cyclops (shapeshifter) (D:13)
  16 fauns
  4 merfolk sirens
  11 elephants
  4 smoke demons (Lair:6)
  A guardian serpent (shapeshifter) (Lair:6)
  3 water nymphs
  8 black mambas
  4 orange demons (D:15)
  An unseen horror (D:12)
  11 cane toads
  2 kobold demonologists (D:14)
  2 rime drakes
  The ghost of gobodom the Grave Robber, a novice DsNe of Makhleb (D:5)
  An efreet (D:11)
  Maggie (D:7)
  A yaktaur (D:15)
  5 komodo dragons
  2 ancient zymes (Lair:6)
  3 wind drakes
  A queen bee (D:9)
  3 red devils (D:15)
  3 meliai (D:15)
  4 polar bears
  13 trolls
  10 merfolk
  Grinder (D:5)
  2 hornets
  24 blink frogs
  A slime creature (Slime:1)
  2 snapping turtles (Shoals:2)
  15 dream sheep
  2 shadows
  5 wraiths
  A centaur simulacrum (D:14)
  A spriggan (Lair:6)
  Sigmund (D:2)
  38 yaks
  5 water elementals
  10 basilisks
  Eustachio (D:4)
  A basilisk (shapeshifter) (D:11)
  3 fire bats (Lair:2)
  8 wyverns
  A steam dragon (D:8)
  A chaos spawn (Lair:6)
  12 small abominations (Lair:6)
  14 vampire mosquitoes
  5 wargs
  Grum (D:8)
  Menkaure (D:4)
  21 water moccasins
  14 orc warriors
  A sky beast (shapeshifter) (D:14)
  A sky beast (D:6)
  5 black bears
  2 ice beasts
  25 ogres
  5 boggarts
  9 centaurs
  6 wolves
  13 bullfrogs
  6 kobold brigands
  5 necrophages
  A gnoll sergeant (D:12)
  4 wights (D:8)
  15 killer bees (D:9)
  11 electric eels
  7 howler monkeys
  2 gnoll boudas
  9 orc priests
  3 hounds
  A jelly (Lair:5)
  Ijyb (D:3)
  Natasha (D:2)
  An iguana (D:5)
  12 orc wizards
  14 hell rats
  6 adders
  17 gnolls
  A white imp (D:7)
  An ufetubus (D:6)
  4 worms
  4 dart slugs
  59 orcs
  2 ball pythons
  7 endoplasms
  3 giant cockroaches
  3 goblins
  2 hobgoblins
  4 quokkas
  A bat (D:2)
  4 frilled lizards
  31 kobolds
  5 rats
  3 bushes (D:1)
756 creatures vanquished.

Vanquished Creatures (collateral kills)
  A tengu reaver (D:13)
  A stone giant (Orc:2)
  A hydra (D:15)
  A boulder beetle (D:13)
  A naga warrior (Lair:3)
  2 tengu warriors
  A deep troll (D:15)
  An ugly thing (D:15)
  2 fauns (Shoals:3)
  A black mamba (Lair:3)
  2 komodo dragons
  A merfolk (Shoals:2)
  A dream sheep (Lair:4)
  A blink frog (Lair:6)
  2 slime creatures (Slime:1)
  A ynoxinul (Lair:6)
  A water moccasin (D:9)
  An orc warrior (D:6)
  An ogre (Orc:2)
  A wolf (D:8)
  A kobold brigand (D:14)
  Crazy Yiuf (D:2)
  An orc (D:6)
27 creatures vanquished.

Vanquished Creatures (others)
  45 fungi
  203 plants
248 creatures vanquished.

Grand Total: 1031 creatures vanquished

Notes
Turn   | Place    | Note
-------+----------+-------------------------------------------
     0 | D:1      | purpskrrrp the Demonspawn Fighter began the quest for the
                  | Orb.
     0 | D:1      | Reached XP level 1. HP: 18/18 MP: 1/1
   270 | D:1      | Found a faded altar of an unknown god.
   613 | D:1      | Gained mutation: A weak demonic guardian rushes to your
                  | aid. [demonic ancestry]
   613 | D:1      | Reached XP level 2. HP: 24/24 MP: 2/2
  1416 | D:2      | Found a blossoming altar of Fedhas.
  1581 | D:2      | Identified the +9 sling of Impeachment {speed, Int+7}
  1648 | D:2      | Found a runed translucent door.
  1649 | D:2      | Noticed Crazy Yiuf
  1679 | D:2      | Reached skill level 1 in Axes
  1679 | D:2      | Gained mutation: You have large cloven feet. [demonic
                  | ancestry]
  1679 | D:2      | Reached XP level 3. HP: 26/29 MP: 3/3
  1711 | D:2      | Noticed Natasha
  1717 | D:2      | Killed Natasha
  1760 | D:2      | Noticed Sigmund
  1765 | D:2      | Killed Sigmund
  1766 | D:2      | Reached skill level 2 in Ranged Weapons
  1766 | D:2      | Reached XP level 4. HP: 26/35 MP: 4/4
  1766 | D:2      | Gained mutation: A demonic guardian rushes to your aid.
                  | [demonic ancestry]
  1766 | D:2      | Reached XP level 5. HP: 30/41 MP: 5/5
  2171 | D:2      | Killed Crazy Yiuf
  2353 | D:2      | Gained mutation: You expend magic power (3 MP) to
                  | strengthen your wands. [potion of mutation]
  2353 | D:2      | Gained mutation: Your flesh is heat resistant. (rF+)
                  | [potion of mutation]
  2353 | D:2      | Gained mutation: You have an increased reservoir of magic.
                  | (+10% MP) [potion of mutation]
  2697 | D:3      | Noticed Ijyb
  2701 | D:3      | Killed Ijyb
  2702 | D:3      | Reached XP level 6. HP: 46/47 MP: 6/6
  2910 | D:3      | Reached skill level 3 in Ranged Weapons
  3113 | D:4      | Found a sacrificial altar of Ru.
  3214 | D:4      | Reached skill level 4 in Ranged Weapons
  3358 | D:4      | Reached XP level 7. HP: 54/54 MP: 7/7
  3388 | D:4      | Reached skill level 5 in Ranged Weapons
  3395 | D:4      | Noticed Eustachio
  3406 | D:4      | Killed Eustachio
  3447 | D:4      | Noticed Menkaure
  3453 | D:4      | Killed Menkaure
  3454 | D:4      | Reached skill level 6 in Ranged Weapons
  3791 | D:5      | Entered Level 5 of the Dungeon
  3829 | D:5      | Gained mutation: You are partially covered in rugged brown
                  | scales. (AC +1, +3% HP) [demonic ancestry]
  3829 | D:5      | Reached XP level 8. HP: 55/62 MP: 8/8
  3912 | D:5      | Noticed Grinder
  3925 | D:5      | Killed Grinder
  3926 | D:5      | Reached skill level 7 in Ranged Weapons
  4619 | D:5      | Found a runed translucent door.
  4620 | D:5      | Noticed gobodom's ghost (novice DsNe)
  4887 | D:5      | Found a bloodstained altar of Trog.
  5115 | D:5      | Killed gobodom's ghost
  5116 | D:5      | Reached skill level 8 in Ranged Weapons
  5216 | D:6      | Found a blossoming altar of Fedhas.
  5265 | D:6      | Reached skill level 5 in Fighting
  5305 | D:6      | Found a staircase to the Ecumenical Temple.
  5328 | Temple   | Entered the Ecumenical Temple
  5384 | Temple   | Became a worshipper of Gozag Ym Sagoz the Greedy
  5417 | D:6      | Gained mutation: You regenerate a little health from kills.
                  | [demonic ancestry]
  5417 | D:6      | Reached XP level 9. HP: 70/70 MP: 9/9
  5475 | D:6      | Reached skill level 9 in Ranged Weapons
  5977 | D:7      | Identified the +3 leather armour of Past Mistakes {rPois
                  | Int+4 Stlth-}
  5979 | D:7      | Noticed Maggie
  5997 | D:7      | Killed Maggie
  5998 | D:7      | Reached skill level 10 in Ranged Weapons
  6297 | D:7      | Found an ornate altar of the Wu Jian Council.
  6389 | D:7      | Found a basalt altar of Yredelemnul.
  6828 | D:8      | Reached skill level 1 in Throwing
  6843 | D:8      | Learned a level 2 spell: Poisonous Vapours
  6874 | D:8      | Noticed Grum
  6888 | D:8      | Killed Grum
  6914 | D:8      | Reached XP level 10. HP: 60/78 MP: 11/11
  7035 | D:8      | Reached skill level 1 in Dodging
  7099 | D:8      | Reached skill level 11 in Ranged Weapons
  7153 | D:8      | Reached skill level 5 in Armour
  7285 | D:8      | You fall into a shaft and drop 3 floors!
  7286 | D:11     | Identified a scroll of acquirement
  7287 | D:11     | Acquired the +6 scale mail "Cuqud" {Rampage +Blink rC-
                  | rN++}
  7305 | D:11     | Noticed an eight-headed hydra
  7314 | D:11     | Killed an eight-headed hydra
  7421 | D:11     | Noticed an eight-headed hydra
  7432 | D:11     | Killed an eight-headed hydra
  7780 | D:10     | Entered Level 10 of the Dungeon
  7796 | D:9      | Reached skill level 12 in Ranged Weapons
  7871 | D:9      | Found a staircase to the Lair.
  7970 | D:8      | Found an ancient bone altar of Kikubaaqudgha.
  8349 | D:9      | Reached skill level 1 in Evocations
  8374 | D:9      | Gained mutation: You have hoof-like feet. [demonic
                  | ancestry]
  8374 | D:9      | Reached XP level 11. HP: 85/85 MP: 12/12
  8754 | D:9      | Reached skill level 13 in Ranged Weapons
  8952 | D:9      | Bought a box of beasts for 760 gold pieces
  8952 | D:9      | Bought a scroll of fear for 66 gold pieces
  9310 | D:10     | Found Moital's Armour Boutique.
  9672 | D:11     | Identified the +1 chain mail of Fyerutz {Rampage *Corrode
                  | Int+2 Dex+4 SInv}
  9744 | D:11     | Identified the +2 ring mail of the Four Ships {Fly rF+++
                  | Str-2 Dex-3}
 10760 | D:12     | Noticed a deep elf pyromancer
 10765 | D:12     | Killed a deep elf pyromancer
 10766 | D:12     | Reached skill level 14 in Ranged Weapons
 10779 | D:12     | Noticed an orc knight
 10825 | D:12     | HP: 1/86 [electric eel/bolt of electricity (11)]
 11355 | D:12     | Noticed an orc knight
 11360 | D:13     | Noticed a boulder beetle
 11389 | D:13     | Killed a boulder beetle
 11621 | D:13     | Noticed a boulder beetle
 11621 | D:13     | Noticed a tengu warrior
 11631 | D:13     | Killed a tengu warrior
 11656 | D:13     | Killed a boulder beetle
 12257 | D:12     | Reached XP level 12. HP: 94/94 MP: 13/13
 12814 | D:12     | Found a staircase to the Orcish Mines.
 13446 | D:12     | Reached skill level 15 in Ranged Weapons
 14031 | Orc:1    | Entered Level 1 of the Orcish Mines
 14035 | Orc:1    | Noticed a two-headed ogre
 14048 | Orc:1    | Killed a two-headed ogre
 14271 | Orc:1    | Reached skill level 1 in Stealth
 14615 | Orc:2    | Entered Level 2 of the Orcish Mines
 14615 | Orc:2    | Noticed an ogre mage
 14615 | Orc:2    | Found Suxaof's Distillery.
 14636 | Orc:2    | Found Duofappo's Antique Weapon Shop.
 14636 | Orc:2    | Found Ynujosan's Antique Weapon Emporium.
 14636 | Orc:2    | Noticed a two-headed ogre
 14636 | Orc:2    | Noticed a two-headed ogre
 14636 | Orc:2    | Noticed a two-headed ogre
 14636 | Orc:2    | Noticed a two-headed ogre
 14636 | Orc:2    | Noticed an ogre mage
 14664 | Orc:2    | Killed a two-headed ogre
 14664 | Orc:2    | Noticed a two-headed ogre
 14664 | Orc:2    | Noticed a two-headed ogre
 14666 | Orc:2    | Killed an ogre mage
 14666 | Orc:2    | Killed an ogre mage
 14668 | Orc:2    | Killed a two-headed ogre
 14670 | Orc:2    | Killed a two-headed ogre
 14671 | Orc:2    | Reached skill level 16 in Ranged Weapons
 14672 | Orc:2    | Killed a two-headed ogre
 14673 | Orc:2    | Gained mutation: You have hooves in place of feet. [demonic
                  | ancestry]
 14673 | Orc:2    | Reached XP level 13. HP: 24/104 MP: 14/14
 14676 | Orc:2    | Found a runed translucent gate.
 14692 | Orc:2    | Found Dileac's Book Shop.
 14723 | Orc:2    | Found a staircase to the Elven Halls.
 15075 | Lair:1   | Entered Level 1 of the Lair of Beasts
 15278 | D:9      | Bought an amulet of reflection for 390 gold pieces
 15288 | D:9      | Lost mutation: You have an increased reservoir of magic.
                  | (+10% MP) [potion of mutation]
 15288 | D:9      | Lost mutation: You expend magic power (3 MP) to strengthen
                  | your wands. [potion of mutation]
 15288 | D:9      | Gained mutation: You have a pair of small horns on your
                  | head. [potion of mutation]
 15288 | D:9      | Gained mutation: Your mind is acute. (Int +4, Str/Dex -1)
                  | [potion of mutation]
 15289 | D:9      | Lost mutation: Your flesh is heat resistant. (rF+) [potion
                  | of mutation]
 15289 | D:9      | Lost mutation: You have a pair of small horns on your head.
                  | [potion of mutation]
 15289 | D:9      | Lost mutation: Your mind is acute. (Int +4, Str/Dex -1)
                  | [potion of mutation]
 15289 | D:9      | Gained mutation: Your flesh is heat resistant. (rF+)
                  | [potion of mutation]
 15289 | D:9      | Gained mutation: You are occasionally teleported next to
                  | monsters. [potion of mutation]
 15289 | D:9      | Gained mutation: You sometimes lose your temper in combat.
                  | [potion of mutation]
 15290 | D:9      | Lost mutation: Your flesh is heat resistant. (rF+) [potion
                  | of mutation]
 15290 | D:9      | Lost mutation: You sometimes lose your temper in combat.
                  | [potion of mutation]
 15290 | D:9      | Lost mutation: You are occasionally teleported next to
                  | monsters. [potion of mutation]
 15290 | D:9      | Gained mutation: Armour fits poorly on your strangely
                  | shaped body. [potion of mutation]
 15291 | D:9      | Lost mutation: Armour fits poorly on your strangely shaped
                  | body. [potion of mutation]
 15291 | D:9      | Gained mutation: Your mind is acute. (Int +4, Str/Dex -1)
                  | [potion of mutation]
 15291 | D:9      | Gained mutation: Your muscles are strong. (Str +4, Int/Dex
                  | -1) [potion of mutation]
 15292 | D:9      | Lost mutation: Your mind is acute. (Int +4, Str/Dex -1)
                  | [potion of mutation]
 15292 | D:9      | Lost mutation: Your muscles are strong. (Str +4, Int/Dex
                  | -1) [potion of mutation]
 15292 | D:9      | Gained mutation: You are occasionally teleported next to
                  | monsters. [potion of mutation]
 15292 | D:9      | Gained mutation: Your flesh is heat resistant. (rF+)
                  | [potion of mutation]
 15292 | D:9      | Gained mutation: You are frail. (-10% HP) [potion of
                  | mutation]
 15292 | D:9      | Lost mutation: You are frail. (-10% HP) [potion of
                  | mutation]
 15293 | D:9      | Lost mutation: You are occasionally teleported next to
                  | monsters. [potion of mutation]
 15293 | D:9      | Lost mutation: Your flesh is heat resistant. (rF+) [potion
                  | of mutation]
 15293 | D:9      | Gained mutation: Your mind is acute. (Int +4, Str/Dex -1)
                  | [potion of mutation]
 15293 | D:9      | Gained mutation: You sometimes lose your temper in combat.
                  | [potion of mutation]
 15293 | D:9      | Gained mutation: Your mind is very acute. (Int +8, Str/Dex
                  | -2) [potion of mutation]
 16089 | Lair:1   | Learned a level 2 spell: Wereblood
 16123 | Lair:2   | Identified the +10 halberd of Wor Hioz {vorpal, *Rage rElec
                  | rC+ Int+3}
 16171 | Lair:2   | Reached skill level 5 in Shields
 16392 | Lair:2   | Reached skill level 10 in Fighting
 16480 | Lair:2   | Found a staircase to the Shoals.
 17336 | Lair:3   | Reached skill level 1 in Polearms
 17791 | Lair:3   | Found a runed translucent door.
 17794 | Lair:3   | Noticed Selrock's ghost (journeyman GnFi)
 17794 | Lair:3   | Identified the +11 trident "Bifuz" {flame, rF++ rC+ rCorr
                  | Int-4}
 18214 | Lair:3   | Found a staircase to the Snake Pit.
 18778 | Lair:4   | Reached skill level 1 in Transmutations
 19020 | Lair:4   | Reached skill level 17 in Ranged Weapons
 19105 | Lair:4   | Gained mutation: You are mostly covered in rugged brown
                  | scales. (AC +2, +5% HP) [demonic ancestry]
 19105 | Lair:4   | Reached XP level 14. HP: 95/116 MP: 14/14
 19315 | Lair:4   | You fall into a shaft and drop 2 floors!
 19315 | Lair:6   | Entered Level 6 of the Lair of Beasts
 19383 | Lair:6   | Reached skill level 5 in Dodging
 22220 | Lair:6   | Found a corrupted altar of Lugonu.
 22220 | Lair:6   | Found a one-way gate to the infinite horrors of the Abyss.
 22331 | Lair:6   | Lost mutation: You sometimes lose your temper in combat.
                  | [potion of mutation]
 22331 | Lair:6   | Lost mutation: Your mind is very acute. (Int +8, Str/Dex
                  | -2) [potion of mutation]
 22331 | Lair:6   | Lost mutation: Your mind is acute. (Int +4, Str/Dex -1)
                  | [potion of mutation]
 22331 | Lair:6   | Gained mutation: You sometimes lose your temper in combat.
                  | [potion of mutation]
 22331 | Lair:6   | Gained mutation: You have an uncontrollable temper. [potion
                  | of mutation]
 22331 | Lair:6   | Gained mutation: You expend magic power (3 MP) to
                  | strengthen your wands. [potion of mutation]
 22331 | Lair:6   | Gained mutation: Your flesh is cold resistant. (rC+)
                  | [potion of mutation]
 22419 | Lair:5   | Reached skill level 18 in Ranged Weapons
 22462 | Lair:5   | Found a viscous altar of Jiyva.
 22462 | Lair:5   | Found a staircase to the Slime Pits.
 22653 | Lair:5   | Bought a scroll of identify for 24 gold pieces
 22653 | Lair:5   | Bought a scroll of brand weapon for 240 gold pieces
 22653 | Lair:5   | Bought a scroll of identify for 24 gold pieces
 22653 | Lair:5   | Bought a scroll of identify for 24 gold pieces
 22653 | Lair:5   | Bought 3 scrolls of enchant weapon for 270 gold pieces
 22653 | Lair:5   | Bought a scroll of poison for 42 gold pieces
 23312 | Lair:5   | Identified the +1 pair of gloves "Cawnehol" {+Inv rPois
                  | Int+3}
 24261 | Shoals:1 | Entered Level 1 of the Shoals
 24562 | Shoals:1 | Gained mutation: You regenerate health from kills. [demonic
                  | ancestry]
 24562 | Shoals:1 | Reached XP level 15. HP: 119/126 MP: 15/15
 24597 | Shoals:1 | Identified the +7 war axe of the Dead {holy, rN+}
 25061 | Shoals:1 | Found a runed translucent door.
 25097 | Shoals:1 | Noticed avis's ghost (adept HOMo)
 25126 | Shoals:1 | Reached skill level 5 in Polearms
 25312 | Shoals:1 | Identified the +10 plate armour of Hysteria {SInv}
 25474 | Shoals:1 | Noticed a titan
 26695 | Shoals:2 | Found Imair's Specific Store.
 26696 | Shoals:2 | Found Zichawkoi's General Store.
 26703 | Shoals:2 | Bought a potion of curing for 54 gold pieces
 26703 | Shoals:2 | Bought a potion of curing for 54 gold pieces
 26703 | Shoals:2 | Bought a potion of curing for 54 gold pieces
 26707 | Shoals:2 | Bought a potion of haste for 170 gold pieces
 27990 | Shoals:3 | Identified the +6 falchion "Item" {venom, SInv}
 29714 | Shoals:1 | Killed a titan
 30040 | Orc:2    | Bought a potion of haste for 180 gold pieces
 30057 | Orc:2    | Bought a twisted spear for 216 gold pieces
 30057 | Orc:2    | Identified the +8 spear "Giantslayer" {vamp, rElec rF+
                  | Int+3} (You bought it in a shop on level 2 of the Orcish
                  | Mines)
 30209 | Orc:2    | Noticed Rupert
 30225 | Orc:2    | Killed Rupert
 30226 | Orc:2    | Reached skill level 19 in Ranged Weapons
 30226 | Orc:2    | Gained mutation: You regenerate a lot of health from kills.
                  | [demonic ancestry]
 30226 | Orc:2    | Reached XP level 16. HP: 81/135 MP: 16/16
 30528 | Orc:2    | Found a runed translucent gate.
 30529 | Orc:2    | Found a runed translucent gate.
 30541 | Orc:2    | Noticed Dordric's ghost (adept OgBe)
 30541 | Orc:2    | Identified the +7 hand axe of Starshine {antimagic, rN++}
 30661 | Orc:2    | Found an iron altar of Okawaru.
 31768 | D:13     | Found Bedu's Armour Shoppe.
 31968 | D:13     | Found a gate to the Vaults.
 32335 | D:14     | Noticed a tengu reaver
 32355 | D:13     | Killed a tengu reaver
 33020 | D:14     | Got Sif Muna's Guide on the Dimensional Commander
 33522 | D:14     | Bought a scroll of immolation for 66 gold pieces
 33522 | D:14     | Bought a scroll of blinking for 142 gold pieces
 33522 | D:14     | Bought a scroll of blinking for 142 gold pieces
 33522 | D:14     | Bought a scroll of fog for 38 gold pieces
 33528 | D:15     | Entered Level 15 of the Dungeon
 33528 | D:15     | Found a portal to a secret trove of treasure.
 34009 | D:15     | Found a staircase to the Depths.
 34765 | Depths:1 | Entered Level 1 of the Depths
 34765 | Depths:1 | Found a one-way gate leading to the halls of Pandemonium.
 34772 | Depths:1 | Noticed a tengu reaver
 34785 | D:15     | HP: 5/137 [deep troll shaman (8)]
 35470 | Depths:1 | Killed a tengu reaver
 35812 | Snake:1  | Entered Level 1 of the Snake Pit
 36165 | Slime:1  | Entered Level 1 of the Pits of Slime
 36165 | Slime:1  | Noticed an acid blob
 36190 | Slime:1  | Killed from afar by an acid blob

Illustrated notes

Levels and vault maps discovered:
D:1:      minmay_arrival_shoal_huts, layout_loops_corners,
          ebering_ecumenical_altar_sacrificial, serial_forest,
          infiniplex_forest_straight_5, infiniplex_forest_straight_3,
          infiniplex_forest_clump_medium, infiniplex_forest_pool,
          infiniplex_forest_clump_curved, infiniplex_forest_end_2,
          infiniplex_forest_straight_2, infiniplex_forest_clump_large,
          infiniplex_forest_clump_tiny, minmay_crystal_water,
          dreamdust_wishing_well
D:2:      layout_loops_ring, basic_altar, uniq_natasha, uniq_sigmund,
          uniq_crazy_yiuf_cottage
D:3:      layout_loops_ring, uniq_ijyb
D:4:      layout_loops_cross, hangedman_ru_absence, serial_glass,
          glass_columns_b, glass_columns_b, uniq_menkaure, uniq_eustachio
D:5:      layout_layer_cave, bloody_trog, ebering_ghost_inner_flame,
          uniq_grinder
D:6:      layout_rooms, fedhas_altar_4, nicolae_overflow_crystal_walls,
          minmay_temple_entry_stoned_glass, kennysheep_generic_room_8
D:7:      layout_loops_cross, mainiacjoe_overflow_six_doors_small,
          nicolae_elyvilon_temple_path, amcnicky_altar_gilded, uniq_maggie
D:8:      layout_rooms, mainiacjoe_overflow_alcove_2, uniq_grum
D:9:      layout_small_grid, david_lair_generic, nicolae_looking_at_the_future
D:10:     layout_rooms, serial_shops, nicolae_square_shop
D:11:     kennysheep_big_flooded_room, layout_basic
D:12:     layout_basic, david_orc_5, serial_bayou, serial_bayou_pond_b,
          serial_bayou_pond_b, serial_bayou_pond_c, serial_bayou_ford_a
D:13:     layout_roguey, david_vaults_5, serial_shops, kennysheep_little_box
D:14:     layout_cave_pools, serial_bayou_pond_e, minmay_radiant
D:15:     hangedman_depths_entry_civil_slaughter, layout_basic,
          hangedman_decor_growths, nicolae_trove_entry_free_sample,
          abandoned_shop, hangedman_decor_points, minmay_beelzebubs_servants
Temple:   eino_temple_lava
Lair:1:   layout_gridlike, infiniplex_staircase_pool_2
Lair:2:   layout_long_grid, shoals_dummy_entry, nicolae_volcano_entry_batcave,
          portal_ice_cave_entry_ice_simulacra
Lair:3:   layout_roguey, minmay_snake_entry_six_corridors,
          ebering_ghost_funeral_grove, infiniplex_staircase_pool
Lair:4:   layout_loops_ring, grunt_megastairs_2
Lair:5:   layout_cave_pods, nicolae_slime_entry_slimehenge, serial_forest,
          infiniplex_forest_lined_4_way, infiniplex_forest_end_2,
          infiniplex_forest_end_1, infiniplex_forest_straight_2,
          infiniplex_forest_lined_2, infiniplex_forest_straight_2,
          infiniplex_forest_clump_large, infiniplex_forest_lined_1,
          infiniplex_forest_clump_double
Lair:6:   hellmonk_lair_end_abyssal_woods, layout_small_grid, serial_bayou,
          serial_bayou_pond_b, serial_bayou_shore_b, serial_bayou_pond_a,
          serial_bayou_shore_a, lemuel_fruit_tree, grunt_megastairs_1
Shoals:1: cheibrodos_shoals_gigantism, layout_shoals,
          ebering_ghost_reflecting_pool
Shoals:2: layout_shoals, nicolae_specific_store
Shoals:3: layout_shoals, serial_shops, shop, nicolae_shoals_so_close
Snake:1:  layout_misc_corridors, grunt_megastairs_4
Slime:1:  layout_caves, cheibrodos_slime_lost_civilization_7
Orc:1:    layout_diamond_mine
Orc:2:    st_orc_open, layout_caves, gammafunk_ghost_fury_of_okawaru,
          uniq_rupert
Depths:1: cheibrodos_tormentor_scu, layout_long_grid, pan_entry,
          chequers_serial_rivers_room_a, hellmouth_1, due_unseen_surprise,
          firewood_loft, uniq_aizul

Skill      XL: |  1  2  3  4  5  6  7  8  9 10 11 12 13 14 15 16 |
---------------+-------------------------------------------------+-----
Armour         | 3 4 5 6 7 8 |  8.8
Long Blades    | 2 4 |  4.2
Axes           | 1 2 |  2.0
Shields        | 3 4 5 6 7 8 |  8.0
Ranged Weapons | 2 4 6 8 10 12 14 16 17 18 19 | 19.6
Fighting       | 4 5 6 7 9 10 11 12 13 | 13.6
Throwing       | 1 |  1.8
Dodging        | 2 3 4 6 7 8 |  8.5
Evocations     | 1 2 |  2.6
Stealth        | 1 2 |  2.1
Polearms       | 2 4 6 |  6.6
Transmutations | 1 |  1.2
Spellcasting   | |  0.2

Action                   |  1- 3 |  4- 6 |  7- 9 | 10-12 | 13-15 | 16-18 || total
-------------------------+-------+-------+-------+-------+-------+-------++-------
Melee: Hand axe          |   195 |       |       |       |       |       ||   195
       Long sword        |     5 |       |       |       |       |       ||     5
 Fire: Sling             |    22 |    77 |   306 |   852 |  2091 |   769 ||  4117
Throw: Javelin           |       |       |     5 |       |       |     6 ||    11
       Dart              |       |       |       |       |     2 |     4 ||     6
       Throwing net      |       |       |       |       |     1 |     1 ||     2
 Cast: Wereblood         |       |       |       |       |     2 |       ||     2
Invok: Call Merchant     |       |       |       |     1 |     2 |     2 ||     5
 Abil: Evoke Blink       |       |       |       |     2 |     2 |       ||     4
Evoke: Wand              |       |       |     4 |    12 |    21 |     2 ||    39
       Box of beasts     |       |       |       |     1 |     2 |     1 ||     4
  Use: Scroll            |       |    10 |     6 |    21 |    18 |    13 ||    68
       Potion            |       |     1 |       |     4 |    16 |     3 ||    24
Armor: Scale mail        |    18 |     8 |    49 |   197 |   379 |   189 ||   840
Dodge: Dodged            |     9 |     9 |    68 |   212 |   399 |   157 ||   854
Block: Buckler           |     4 |     3 |    38 |    86 |   519 |   306 ||   956
       Reflection        |       |       |       |       |    37 |    10 ||    47

Table legend: (Time is in decaauts)
 A = Elapsed time spent in this place.
 B = Non-inter-level travel time spent in this place.
 C = Inter-level travel time spent in this place.
 D = Time resting spent in this place.
 E = Time spent auto-exploring this place.
 F = Levels seen in this place.
 G = Mean time per level.
                   A        B        C        D        E       F      G
               +--------+--------+--------+--------+--------+-----+--------+
         Total |  35273 |  31158 |   4115 |   8571 |  17098 |  30 | 1175.8 |
       Dungeon |  18124 |  15842 |   2282 |   3830 |   9249 |  15 | 1208.3 |
        Temple |     69 |     69 |      0 |      0 |     47 |   1 |   69.0 |
          Lair |   8848 |   7941 |    907 |   1647 |   4893 |   6 | 1474.7 |
        Shoals |   5610 |   4983 |    627 |   2317 |   1911 |   3 | 1870.0 |
     Snake Pit |     12 |     12 |      0 |      0 |      0 |   1 |   12.0 |
    Slime Pits |     18 |     18 |      0 |      0 |      0 |   1 |   18.0 |
  Orcish Mines |   2504 |   2208 |    296 |    776 |    950 |   2 | 1252.0 |
        Depths |     85 |     85 |      0 |      0 |     47 |   1 |   85.0 |
               +--------+--------+--------+--------+--------+-----+--------+

Top non-repeatable levels by time:
    D:12: 3165 daAuts
  Lair:6: 2884 daAuts
Shoals:2: 2758 daAuts
Shoals:1: 2178 daAuts
  Lair:3: 1750 daAuts
    D:13: 1640 daAuts
   Orc:2: 1619 daAuts
     D:9: 1580 daAuts
     D:1: 1458 daAuts
     D:5: 1414 daAuts
    D:15: 1394 daAuts
  Lair:5: 1283 daAuts
    D:11: 1217 daAuts
    D:14: 1179 daAuts
  Lair:2: 1124 daAuts
